 Dungeon Crawl Stone Soup version 0.30-a0-629-gd54f4be4f7 (webtiles) character file.

Game seed: 15763028155705636615

153 Newt the Shooter (level 5, -3/38 HPs)
             Began as a Demonspawn Gladiator on Jan 12, 2023.
             Succumbed to an orc's poison
             ... on level 4 of the Dungeon.
             The game lasted 00:02:49 (2679 turns).

Newt the Shooter (Demonspawn Gladiator)             Turns: 2679, Time: 00:02:49

Health: -3/38      AC:  5    Str: 15      XL:     5   Next: 12%
Magic:  5/5        EV: 12    Int:  9      God:
Gold:   181        SH:  0    Dex: 13 (20) Spells: 4/4 levels left

rFire   . . .      SeeInvis .    g - +1 sling (freeze)
rCold   . . .      Faith    .    (no shield)
rNeg    . . .      Spirit   .    p - +1 leather armour of the Storm King {Dex+4}
rPois   .          Reflect  .    c - +0 helmet
rElec   .          Harm     .    m - scarf {repulsion}
rCorr   .          Rampage  .    (no gloves)
Will    +....                    (no boots)
Stlth   ++                       (no amulet)
HPRegen 0.26/turn                f - ring of willpower
MPRegen 0.09/turn                i - ring of wizardry

@: lethally poisoned (-3 -> -14), repel missiles
A: claws 1
a: no special abilities


You were on level 4 of the Dungeon.
You visited 1 branch of the dungeon, and saw 4 of its levels.

You collected 181 gold pieces.

Inventory:

Hand Weapons
 a - a +0 rapier
 g - a +1 sling of freezing (weapon)
Missiles
 d - 2 throwing nets
 e - a javelin
Armour
 b - a +1 leather armour
 c - a +0 helmet (worn)
 m - a scarf of repulsion (worn)
 p - the +1 leather armour of the Storm King (worn) {Dex+4}
   (You found it on level 3 of the Dungeon)

   Dex:       It affects your dexterity (+4).
Jewellery
 f - a ring of willpower (left claw)
 i - a ring of wizardry (right claw)
 j - a ring of positive energy
Scrolls
 h - a scroll of enchant armour
Potions
 l - a potion of ambrosia {unknown}
 n - 2 potions of curing {unknown}
 q - 2 potions of might {unknown}


   Skills:
 - Level 2.0 Fighting
 - Level 2.6 Short Blades
 + Level 3.2 Ranged Weapons
 - Level 1.7 Throwing
 - Level 2.6 Dodging
 - Level 3.0 Stealth


You had 4 spell levels left.
You didn't know any spells.
Your spell library contained the following spells:

 Spells                   Type           Power      Damage    Failure   Level
 Sandblast                Erth           0%         2d4       21%         1
 Ensorcelled Hibernation  Hex/Ice        0%         N/A       28%         2
 Passwall                 Tmut/Erth      0%         N/A       28%         2
 Stone Arrow              Conj/Erth      0%         3d7       50%         3
 Swiftness                Air            0%         N/A       50%         3


Dungeon Overview and Level Annotations

Branches:
Dungeon (4/15)
 Temple: D:4-7

Altars:

Shops:
D:2 (


Innate Abilities, Weirdness & Mutations

You have sharp fingernails.


Message History

You feel sick.
Fire: g) +1 sling (freeze)
Press: ? - help, Q - select action, (/) - cycle Shift-Dir - straight line, f/p - quasit
Aim: a quasit (severely wounded, 32% to hit)
Okay, then.
You feel much better.
You feel sick.
The quasit bites you but does no damage.
The quasit claws you. The quasit barely misses you.
You shoot a sling bullet.
The sling bullet hits the orc but does no damage.
You feel sick.
The quasit bites you but does no damage.
The quasit claws you.
You feel clumsy. The quasit claws you.
The orc hits you with a +2 hand axe of venom.
The quasit barely misses you. The quasit closely misses you.
The quasit claws you but does no damage.
You shoot a sling bullet. The sling bullet barely misses the orc.
You feel sick. The quasit misses you. The quasit claws you.
The quasit claws you but does no damage.
The orc hits you with a +2 hand axe of venom!
* * * LOW HITPOINT WARNING * * *
You are lethally poisoned!
The quasit barely misses you. The quasit misses you.
The quasit claws you but does no damage.
The orc misses you.
You shoot a sling bullet.
The sling bullet hits the orc but does no damage.
* * * LOW HITPOINT WARNING * * *
You feel very sick. The quasit bites you.
* * * LOW HITPOINT WARNING * * *
The quasit misses you.
The quasit claws you but does no damage.
The orc misses you.
You shoot a sling bullet. The sling bullet hits the orc.
The sling bullet freezes the orc.
The orc is severely wounded.
You die...

....#...... ..........
.......... ..........##
............ ............# ..
...............## #.( #
.............#@..# .. ..
.............#5o## #.##.
.................## .....
..................# ..#.# .
..#...............##.##.####..
.......................P.§§§..
..................#..#..≈§P§..
#.....[.....##....#.###P≈≈....
#.......##........#..#..PP.§..


You could see a quasit and an orc.

Vanquished Creatures
  3 adders
  A shadow imp (D:4)
  A white imp (D:3)
  5 ufetubi
  2 worms (D:2)
  3 dart slugs
  An orc (D:3)
  4 ball pythons
  5 bats
  6 endoplasms
  5 giant cockroaches
  11 goblins
  5 hobgoblins
  A quokka (D:3)
  8 frilled lizards
  4 kobolds
  7 rats
72 creatures vanquished.

Vanquished Creatures (others)
  5 demonic plants (D:4)
5 creatures vanquished.

Grand Total: 77 creatures vanquished

Notes
Turn   | Place    | Note
-------+----------+-------------------------------------------
     0 | D:1      | Newt the Demonspawn Gladiator began the quest for the Orb.
     0 | D:1      | Reached XP level 1. HP: 16/16 MP: 1/1
    79 | D:1      | Reached skill level 1 in Stealth
   124 | D:1      | Gained mutation: You have sharp fingernails. [demonic
                  | ancestry]
   124 | D:1      | Reached XP level 2. HP: 22/22 MP: 2/2
   805 | D:2      | Found Lett's Weapon Shop.
   827 | D:2      | Reached XP level 3. HP: 27/27 MP: 3/3
  1225 | D:2      | Reached skill level 1 in Ranged Weapons
  1554 | D:3      | Reached XP level 4. HP: 33/33 MP: 4/4
  2036 | D:3      | Identified the +1 leather armour of the Storm King {Dex+4}
  2593 | D:4      | Reached XP level 5. HP: 38/38 MP: 5/5
  2678 | D:4      | HP: 1/38 [quasit (1)]
  2679 | D:4      | Succumbed to an orc's poison

Illustrated notes

Levels and vault maps discovered:
D:1:      evilmike_arrival_crescent, layout_basic
D:2:      layout_basic, serial_shops, shop
D:3:      cheibrodos_old_hovel, layout_loops_cross, mainiacjoe_overflow_catwalk,
          serial_park_tiny_1
D:4:      layout_cave_pools, nicolae_ru_sacrificial_ziggurat,
          ebering_ghost_inner_flame, serial_demonic, serial_demonic_g,
          serial_demonic_d, serial_demonic_e, serial_demonic_g

Skill      XL: |  1  2  3  4 |
---------------+-------------+-----
Stealth        | 1 2 3 |  3.0
Ranged Weapons | 1 3 |  3.2
Fighting       | |  2.0
Short Blades   | |  2.6
Throwing       | |  1.7
Dodging        | |  2.6

Action                   |  1- 3 |  4- 6 || total
-------------------------+-------+-------++-------
Melee: Rapier            |     9 |       ||     9
 Fire: Sling             |   129 |   113 ||   242
Throw: Throwing net      |       |     1 ||     1
  Use: Scroll            |     2 |     2 ||     4
       Potion            |       |     2 ||     2
Armor: Leather armour    |    16 |    89 ||   105
Dodge: Dodged            |    47 |   152 ||   199
       Repelled          |       |     3 ||     3

Table legend: (Time is in decaauts)
 A = Elapsed time spent in this place.
 B = Non-inter-level travel time spent in this place.
 C = Inter-level travel time spent in this place.
 D = Time resting spent in this place.
 E = Time spent auto-exploring this place.
 F = Levels seen in this place.
 G = Mean time per level.
                   A        B        C        D        E       F      G
               +--------+--------+--------+--------+--------+-----+--------+
         Total |   2767 |   2582 |    185 |    307 |   1750 |   4 |  691.8 |
       Dungeon |   2767 |   2582 |    185 |    307 |   1750 |   4 |  691.8 |
               +--------+--------+--------+--------+--------+-----+--------+

Top non-repeatable levels by time:
     D:3: 1081 daAuts
     D:2: 787 daAuts
     D:1: 741 daAuts
     D:4: 157 daAuts
